 Dungeon Crawl Stone Soup version 0.23.0 (webtiles) character file.

Game seed: 12782399910028627442

1640 theswoord the Chiller (level 8, -2/62 HPs)
             Began as a Naga Ice Elementalist on Feb 10, 2019.
             Was an Initiate of Cheibriados.
             Slain by a two-headed ogre
             ... wielding a +0 giant club
              (24 damage)
             ... on level 8 of the Dungeon.
             The game lasted 00:27:30 (6870 turns).

theswoord the Chiller (Naga Ice Elementalist)       Turns: 6870, Time: 00:27:31

Health: -2/62      AC:  7    Str: 12    XL:     8   Next: 99%
Magic:  0/17       EV:  9    Int: 19    God:    Cheibriados [......]
Gold:   356        SH:  0    Dex: 12    Spells: 9/19 levels left

rFire    + . .     SeeInvis +   h - +0 spear (freeze)
rCold    + . .     Gourm    .   (no shield)
rNeg     . . .     Faith    .   a - +0 robe
rPois    +         Spirit   .   q - +0 helmet
rElec    .         Reflect  .   s - scarf {rC+ rF+}
rCorr    .         Harm     .   i - +2 pair of gloves
MR       +....                  (no barding)
Stlth    ++........             (no amulet)
HPRegen  0.20/turn              (no ring)
MPRegen  0.15/turn              (no ring)

@: short of breath, studying Crossbows, drained, very slow
A: large, see invisible, deformed body, poison resistance, slowness 2, slow
metabolism 1, spit poison 1, AC +2
a: Spit Poison, Bend Time, Renounce Religion


You were on level 8 of the Dungeon.
You worshipped Cheibriados.
Cheibriados was noncommittal.
You were near starving.

You visited 2 branches of the dungeon, and saw 9 of its levels.
You also visited: Sewer.

You collected 356 gold pieces.

Inventory:

Hand Weapons
 f - a +0 dagger
 h - a +0 spear of freezing (weapon)
 j - a +3 quarterstaff of chaos
Armour
 a - a +0 robe (worn)
 b - a +1 pair of gloves
 d - a +1 cloak
 i - a +2 pair of gloves (worn)
 q - a +0 helmet (worn)
 s - a scarf of resistance (worn)
Jewellery
 n - an uncursed amulet of magic regeneration {unknown}
Wands
 p - a wand of disintegration (15)
Scrolls
 k - 2 scrolls of identify
 l - 2 scrolls of blinking
 m - 2 scrolls of remove curse
 t - 3 scrolls of teleportation
Potions
 e - 3 potions of heal wounds
 g - 4 potions of curing
 o - 3 potions of flight {unknown}
 r - 3 potions of haste {unknown}
Books
 v - a manual of Crossbows
Comestibles
 c - 18 rations


   Skills:
 - Level 1.5(0.7) Dodging
 - Level 3.0(2.1) Stealth
 + Level 6.2(5.3) Spellcasting
 + Level 6.2(5.3) Conjurations
 + Level 7.1(6.1) Ice Magic


You had 9 spell levels left.
You knew the following spells:

 Your Spells              Type           Power        Failure   Level  Hunger
a - Freeze                Ice            ####         1%          1    None
b - Throw Frost           Conj/Ice       ####..       1%          2    None
c - Throw Icicle          Conj/Ice       ####....     12%         4    ####...
d - Ozocubu's Armour      Chrm/Ice       ###.....     11%         3    ##.....

Your spell library contained the following spells:

 Spells                   Type           Power        Failure   Level  Hunger
 Summon Ice Beast         Ice/Summ       ###.....     34%         4    ####...


Dungeon Overview and Level Annotations

Branches:
Dungeon (8/15)             Temple (1/1) D:6
   Lair: D:8-11

Altars:
Ashenzari
Cheibriados
Elyvilon
Gozag
Hepliaklqana
Kikubaaqudgha
Makhleb
Nemelex Xobeh
Qazlal
Sif Muna
Vehumet
Yredelemnul
Zin

Annotations:
D:6 3 runed translucent doors, EtherCrawl's ghost, novice TrMo; Jaiteiro's ghost, novice SpVM
D:7 5 runed translucent doors


Innate Abilities, Weirdness & Mutations

You cannot wear boots.
Your serpentine skin is tough. (AC +2)
You have supernaturally acute eyesight. (SInv)
Armour fits poorly on your strangely shaped body.
Your system is resistant to poisons. (rPois)
You cover ground very slowly.
You have a slow metabolism.
You can spit poison.


Message History

The two-headed ogre hits you with a +0 giant club.
The two-headed ogre hits you but does no damage.
Unknown command.
You fail to use your ability.
The two-headed ogre hits you with a +0 giant club.
The two-headed ogre misses you. The flow of time bends around you.
The two-headed ogre resists with some effort.
You feel slightly more hungry.
Okay, then.
Aim: a two-headed ogre, wielding two +0 giant clubs (moderately wounded)
The splash of poison hits the two-headed ogre!
The two-headed ogre is poisoned.
You feel slightly more hungry. The two-headed ogre barely misses you.
The two-headed ogre closely misses you.
Aim: a two-headed ogre, wielding two +0 giant clubs (heavily wounded, poisoned)
You freeze the two-headed ogre!
The two-headed ogre hits you with a +0 giant club!!
* * * LOW HITPOINT WARNING * * *
The two-headed ogre hits you with a +0 giant club!!
You die...

*********,,,,,,,,,,,,,,,,,*******
*...............,,*,,,,,,
*...........$...,,*,,,,*,
*............)..,,,,,,,,,
*********...............,,,,,,,,,
,,,,,,,,,....$........,,,,,,>,,*,
*******,,...........##*,#,*,,,,,,
,** *,,,#....O.....##.#,*******
,,*****,,,#.....@.......#,,,,,,,,
,,,,,**,,,#..........##.#*******,
****,,*,,,#..........##.#,,,,,,*,
,,**,,,,,,#..........##.#,,,*,,,,
,,,*,**,,,#...........#.##*,*,,*,
,,,*,**,,,###########.#..,*,*,,*,
,,,,,**,,,* *,.,,,* #.#.#,*,*,,*,
,,,*,********,....###.#.#,#,*,,*,
,,,*,,,,,,,,,,..........#.#,*,,*,


You could see a two-headed ogre.

Vanquished Creatures
  A spriggan (D:7)
  A sky beast (D:5)
  A phantom (D:5)
  2 ogres
  A centaur (D:5)
  A big kobold (Sewer)
  A bullfrog (D:4)
  A water moccasin zombie (D:5)
  A scorpion (D:5)
  4 wights (D:7)
  A bullfrog zombie (D:5)
  4 hounds
  2 crimson imps (D:5)
  2 orc priests (D:5)
  Crazy Yiuf (D:2)
  2 jellies
  An iguana (D:7)
  An orc wizard (D:5)
  2 worker ants
  A worker ant zombie (D:4)
  4 gnolls (D:4)
  6 adders
  A shadow imp (D:6)
  An ooze (D:2)
  5 worms
  3 dart slugs
  3 leopard geckos (D:2)
  6 orcs (D:5)
  2 ball pythons (D:2)
  5 goblins
  A hobgoblin (D:1)
  13 jackals
  3 quokkas
  2 bats
  6 frilled lizards
  8 kobolds
  A leopard gecko skeleton (D:5)
  7 rats
108 creatures vanquished.

Notes
Turn   | Place    | Note
-------+----------+-------------------------------------------
     0 | D:1      | theswoord the Naga Ice Elementalist began the quest for the
                  | Orb.
     0 | D:1      | Reached XP level 1. HP: 15/15 MP: 3/3
   242 | D:1      | Reached XP level 2. HP: 22/22 MP: 5/5
   540 | D:1      | Learned a level 2 spell: Throw Frost
  1374 | D:2      | Reached XP level 3. HP: 28/28 MP: 4/7
  1821 | D:2      | Reached XP level 4. HP: 35/36 MP: 0/8
  2044 | D:2      | Reached skill level 4 in Ice Magic
  2153 | D:2      | Found a runed translucent door.
  2154 | D:2      | Noticed Crazy Yiuf
  2168 | D:2      | Killed Crazy Yiuf
  2586 | D:3      | You fall through a shaft!
  2591 | D:4      | Found a glowing drain.
  2617 | Sewer    | Entered a sewer
  2837 | Sewer    | Noticed a big kobold
  2884 | Sewer    | Reached XP level 5. HP: 42/42 MP: 10/10
  2894 | Sewer    | Killed a big kobold
  2922 | Sewer    | Found a white marble altar of Elyvilon.
  2983 | D:4      | Reached skill level 5 in Ice Magic
  2983 | D:4      | Reached XP level 6. HP: 34/49 MP: 10/12
  3043 | D:4      | Learned a level 4 spell: Throw Icicle
  3276 | D:4      | Found a sparkling altar of Nemelex Xobeh.
  3476 | D:4      | Found an ancient bone altar of Kikubaaqudgha.
  3476 | D:4      | Found a glowing silver altar of Zin.
  3877 | D:5      | Entered Level 5 of the Dungeon
  3902 | D:5      | Reached XP level 7. HP: 54/55 MP: 13/13
  4150 | D:5      | You fall through a shaft!
  4183 | D:6      | Found a hazy altar of Hepliaklqana.
  4235 | D:6      | Found a runed translucent gate.
  4235 | D:6      | Found a runed translucent gate.
  4235 | D:6      | Found a runed translucent gate.
  4235 | D:6      | Noticed EtherCrawl's ghost (novice TrMo)
  4235 | D:6      | Noticed Jaiteiro's ghost (novice SpVM)
  4324 | D:5      | Reached skill level 5 in Spellcasting
  4387 | D:5      | Reached skill level 6 in Ice Magic
  4387 | D:5      | Reached XP level 8. HP: 44/62 MP: 7/15
  4662 | D:5      | Reached skill level 5 in Conjurations
  4681 | D:5      | Found a radiant altar of Vehumet.
  5089 | D:6      | Learned a level 3 spell: Ozocubu's Armour
  5154 | D:6      | Found a stormy altar of Qazlal.
  5194 | D:6      | Found a staircase to the Ecumenical Temple.
  5269 | Temple   | Entered the Ecumenical Temple
  5340 | Temple   | Became a worshipper of Cheibriados the Contemplative
  5508 | D:6      | Found an opulent altar of Gozag.
  6282 | D:7      | Found a burning altar of Makhleb.
  6315 | D:7      | Found a runed translucent gate.
  6320 | D:7      | Found a runed translucent gate.
  6320 | D:7      | Found a runed translucent gate.
  6328 | D:7      | Found a runed translucent door.
  6337 | D:7      | Found a runed translucent door.
  6339 | D:7      | Found the +9 staff of Olgreb {rPois}
  6360 | D:7      | Found a shattered altar of Ashenzari.
  6725 | D:7      | Noticed a spriggan baker
  6728 | D:7      | Killed a spriggan baker
  6728 | D:7      | Reached skill level 7 in Ice Magic
  6860 | D:8      | Noticed a two-headed ogre
  6870 | D:8      | Slain by a two-headed ogre

Skill      XL: |  1  2  3  4  5  6  7  8 |
---------------+-------------------------+-----
Spellcasting   | 3 4 5 6 |  6.2
Ice Magic      | 4 5 6 7 |  7.1
Conjurations   | 2 4 6 |  6.2
Dodging        | |  1.5
Stealth        | |  3.0

Action                   |  1- 3 |  4- 6 |  7- 9 || total
-------------------------+-------+-------+-------++-------
Melee: Unarmed           |    11 |       |       ||    11
       Dagger            |    25 |     2 |       ||    27
       Quarterstaff      |       |    65 |    51 ||   116
       Spear             |       |       |    13 ||    13
 Cast: Freeze            |    15 |    10 |    56 ||    81
       Throw Frost       |     5 |     2 |    27 ||    34
       Throw Icicle      |       |       |    16 ||    16
Invok: Bend Time         |       |       |     2 ||     2
 Abil: Spit Poison       |    18 |    14 |    22 ||    54
  Use: Scroll            |     3 |     2 |     7 ||    12
       Potion            |       |     1 |     6 ||     7
 Stab: Sleeping          |     1 |     5 |     1 ||     7
  Eat: Chunk             |     3 |     6 |     8 ||    17
       Ration            |       |       |     1 ||     1
Armor: Robe              |    11 |    27 |    39 ||    77
Dodge: Dodged            |    27 |    33 |    59 ||   119

Levels and vault maps discovered:
D:1:      minmay_arrival_five_plusses, layout_basic
D:2:      layout_loops_ring, minmay_tall_x, uniq_crazy_yiuf_cottage
D:3:      layout_basic
D:4:      layout_basic, nicolae_overflow_crystal_walls,
          gammafunk_temple_overflow_statue, cheibrodos_sewer_entry_drain
D:5:      layout_basic, lemuel_coloured_pillars_altar, first_ration
D:6:      layout_loops_ring, marbit_many_paths, nicolae_qazlal_eye_of_the_storm,
          lemuel_round_altar, minmay_temple_entry_butterflies,
          gammafunk_ghost_cemetery, enter_ossuary_2, minmay_manual_monolith
D:7:      layout_loops_ring, lemuel_round_altar, evilmike_ruin_ashenzari,
          the_bakery, minmay_guarded_unrand_staff_of_olgreb
D:8:      layout_basic, old_standard_altar, hangedman_decor_lopped
Temple:   minmay_temple_curvy_loop
Sewer:    sewer_kobolds
